 Dungeon Crawl Stone Soup version 0.29-a0-409-gd843f3a48c (webtiles) character file.

Game seed: 16700689136394190572

680 frimble the Grasshopper (level 7, -13/56 HPs)
             Began as a Gnoll Warper on May 14, 2022.
             Mangled by a boulder beetle (15 damage)
             ... on level 7 of the Dungeon.
             The game lasted 00:09:12 (3844 turns).

frimble the Grasshopper (Gnoll Warper)              Turns: 3844, Time: 00:09:13

Health: -13/56     AC:  9    Str:  3 (6)  XL:     7   Next: 60%
Magic:  15/15      EV:  8    Int: 12 (15) God:
Gold:   234        SH:  0    Dex: 10 (11) Spells: 12/17 levels left

rFire   . . .      SeeInvis .     - Unarmed
rCold   + . .      Faith    .   (no shield)
rNeg    . . .      Spirit   .   g - +0 ring mail
rPois   .          Reflect  .   m - +0 helmet
rElec   .          Harm     .   k - +1 cloak
rCorr   .          Rampage  .   (no gloves)
Will    .....                   (no boots)
Stlth   ..........              j - amulet of regeneration
HPRegen 0.98/turn               (no ring)
MPRegen 0.14/turn               (no ring)

@: confused, hasted, very quick
A: fangs 1, strong nose, distributed training, cold resistance 1, weak 2
a: no special abilities


You were on level 7 of the Dungeon.
You visited 1 branch of the dungeon, and saw 5 of its levels.
You also visited: Ossuary.

You collected 234 gold pieces.

Inventory:

Missiles
 a - 9 poisoned darts (quivered)
 c - 4 boomerangs of dispersal
Armour
 g - a +0 ring mail (worn)
 h - +0 ice dragon scales
 k - a +1 cloak (worn)
 m - a +0 helmet (worn)
Jewellery
 j - an amulet of regeneration (around neck)
Wands
 d - a wand of acid (11)
 r - a wand of digging (5)
 A - a wand of charming (12)
Scrolls
 b - 3 scrolls of blinking
 i - 4 scrolls of fog
 n - a scroll of brand weapon
 u - a scroll of enchant armour
 w - a scroll of enchant weapon
 y - a scroll of teleportation
 z - 2 scrolls of magic mapping
Potions
 f - a potion of lignification
 t - a potion of mutation
 x - a potion of brilliance


   Skills:
 + Level 5.3 Fighting
 + Level 2.6 Short Blades
 + Level 2.6 Long Blades
 + Level 2.6 Axes
 + Level 2.6 Maces & Flails
 + Level 2.6 Polearms
 + Level 2.6 Staves
 + Level 2.6 Slings
 + Level 2.6 Bows
 + Level 2.6 Crossbows
 + Level 3.7 Throwing
 + Level 3.7 Armour
 + Level 5.3 Dodging
 + Level 2.6 Stealth
 + Level 2.6 Shields
 + Level 5.3 Unarmed Combat
 + Level 5.6 Spellcasting
 + Level 2.1 Conjurations
 + Level 2.1 Hexes
 + Level 2.1 Summonings
 + Level 2.1 Necromancy
 + Level 5.9 Translocations
 + Level 2.1 Transmutations
 + Level 2.1 Fire Magic
 + Level 2.1 Ice Magic
 + Level 2.1 Air Magic
 + Level 2.1 Earth Magic
 + Level 2.1 Poison Magic
 + Level 2.9 Invocations
 + Level 2.6 Evocations


You had 12 spell levels left.
You knew the following spells:

 Your Spells              Type           Power      Damage    Failure   Level
a - Blink                 Tloc           34%        N/A       17%         2
b - Gell's Gravitas       Tloc           17%        N/A       34%         3

Your spell library contained the following spells:

 Spells                   Type           Power      Damage    Failure   Level
 Lesser Beckoning         Tloc           17%        N/A       34%         3
 Teleport Other           Tloc           17%        N/A       34%         3
 Ensorcelled Hibernation  Hex/Ice        16%        N/A       63%         2
 Spider Form              Tmut/Pois      8%         N/A       85%         3
 Manifold Assault         Tloc           17%        N/A       97%         5
 Anguish                  Hex/Necr       4%         N/A       99%         4
 Chain Lightning          Conj/Air       4%         3d5       100%        9
 Fire Storm               Conj/Fire      4%         8d1       100%        9
 Shatter                  Erth           4%         3d7*      100%        9


Dungeon Overview and Level Annotations

Branches:
Dungeon (4/15)            Ossuary (visited)
 Temple: D:4-7

Altars:

Annotations:
D:4 2 transporters, Edmund; Psyclone's ghost, amateur OpIE


Innate Abilities, Weirdness & Mutations

You have very sharp teeth.
Your uncanny sense of smell can sniff out nearby items.
Your experience applies equally to all skills.
Your flesh is cold resistant. (rC+)
You are very weak. (Str -4)


Message History

The boulder beetle waves its antennae.
You hear some strange, mumbled words.
A magic dart appears from out of thin air!
The magic dart hits you but does no damage.
The boulder beetle bites you but does no damage.
You hear some strange, mumbled words.
You are more confused.
The boulder beetle bites you!
You hear some strange, mumbled words.
Something tries to affect you, but you resist.
The boulder beetle bites you! Something hits you but does no damage.
The boulder beetle bites you but does no damage.
Something hits you but does no damage.
The boulder beetle bites you but does no damage.
You feel less wooden.
Your +1 cloak unmelds from your body.
Your +0 helmet unmelds from your body.
Your +0 ring mail unmelds from your body.
Something hits you but does no damage. The boulder beetle bites you!!
* * * LOW HITPOINT WARNING * * *
You are too confused!
It was a potion of mutation.
You feel extremely strange.
You feel resistant to cold.
You feel weaker. x2
Something hits you.
* * * LOW HITPOINT WARNING * * *
The boulder beetle misses you.
You are too confused!
It was a potion of haste.
You feel yourself speed up. Something hits you.
* * * LOW HITPOINT WARNING * * *
The boulder beetle bites you!
* * * LOW HITPOINT WARNING * * *
Okay, then.
Unknown command.
You bump into the rock wall.
It was a potion of magic.
Magic courses through your body.
An orc wizard appears from thin air!
Reactivating autopickup.
The orc wizard hits you but does no damage.
The boulder beetle bites you!
You die...

o. ## ... .. #.## .###.
.###. .###. ###...#
.#.###.#. .#.## .....o.
#...#..)# #...#
.....).#####...#...#####...#
.
......)#...#...#...#...#...#
.. #oo(..#(###.#.....#.###.#
##...###)[.###...###...##
#.###.#B@o).#.###.#.....#
#.. #...#...#...#...#...#.
#.. #...#####...#...#####
#..∆#...# #...#...# ##.
##.#.∆ .#.###.#. ## .###.
.###.∆.###. .. ### ... # ...
∆ ###


You could see a boulder beetle and an orc wizard.

Vanquished Creatures
  Sigmund (D:4)
  A gnoll sergeant (D:7)
  A scorpion (D:4)
  3 centaur zombies (Ossuary)
  A jelly (D:4)
  An iguana (D:4)
  5 mummies (Ossuary)
  2 adders
  8 gnolls
  A white imp (D:3)
  5 dart slugs
  5 orcs
  9 ball pythons
  4 bats
  8 endoplasms
  3 giant cockroaches (D:1)
  7 goblins
  5 hobgoblins
  4 jackals (D:1)
  5 quokkas
  5 frilled lizards
  2 hobgoblin zombies (Ossuary)
  5 kobolds
  5 rats
96 creatures vanquished.

Vanquished Creatures (others)
  An endoplasm (D:1)
1 creature vanquished.

Grand Total: 97 creatures vanquished

Notes
Turn   | Place    | Note
-------+----------+-------------------------------------------
     0 | D:1      | frimble the Gnoll Warper began the quest for the Orb.
     0 | D:1      | Reached XP level 1. HP: 20/20 MP: 6/6
   261 | D:1      | Reached XP level 2. HP: 26/26 MP: 7/7
   264 | D:1      | Learned a level 2 spell: Blink
   390 | D:2      | Identified the +0 pair of gloves of the Pleiades {Harm
                  | Int-5 Dex+2}
   565 | D:2      | Reached skill level 5 in Spellcasting
   565 | D:2      | Reached XP level 3. HP: 17/31 MP: 7/9
   872 | D:1      | Reached skill level 1 in Invocations
   954 | D:1      | Reached skill level 1 in Short Blades
   954 | D:1      | Reached skill level 1 in Long Blades
   954 | D:1      | Reached skill level 1 in Axes
   954 | D:1      | Reached skill level 1 in Maces & Flails
   954 | D:1      | Reached skill level 1 in Polearms
   954 | D:1      | Reached skill level 1 in Staves
   954 | D:1      | Reached skill level 1 in Slings
   954 | D:1      | Reached skill level 1 in Bows
   954 | D:1      | Reached skill level 1 in Crossbows
   954 | D:1      | Reached skill level 1 in Stealth
   954 | D:1      | Reached skill level 1 in Shields
   954 | D:1      | Reached skill level 1 in Evocations
  1444 | D:1      | Reached XP level 4. HP: 38/38 MP: 11/11
  1723 | D:2      | Reached skill level 1 in Conjurations
  1723 | D:2      | Reached skill level 1 in Hexes
  1723 | D:2      | Reached skill level 1 in Summonings
  1723 | D:2      | Reached skill level 1 in Necromancy
  1723 | D:2      | Reached skill level 1 in Transmutations
  1723 | D:2      | Reached skill level 1 in Fire Magic
  1723 | D:2      | Reached skill level 1 in Ice Magic
  1723 | D:2      | Reached skill level 1 in Air Magic
  1723 | D:2      | Reached skill level 1 in Earth Magic
  1723 | D:2      | Reached skill level 1 in Poison Magic
  2211 | D:3      | Reached XP level 5. HP: 34/43 MP: 12/12
  2471 | D:3      | Found a faded altar of an unknown god.
  2634 | D:3      | Learned a level 3 spell: Gell's Gravitas
  3025 | D:4      | Reached XP level 6. HP: 49/50 MP: 11/13
  3030 | D:4      | Found a transporter.
  3030 | D:4      | Noticed Psyclone's ghost (amateur OpIE)
  3036 | D:4      | Found a transporter.
  3073 | D:4      | Found a sand-covered staircase.
  3160 | Ossuary  | Entered an ossuary
  3204 | Ossuary  | Reached skill level 5 in Fighting
  3204 | Ossuary  | Reached skill level 5 in Dodging
  3204 | Ossuary  | Reached skill level 5 in Unarmed Combat
  3588 | D:4      | Noticed Sigmund
  3604 | D:4      | Killed Sigmund
  3605 | D:4      | Reached XP level 7. HP: 56/56 MP: 15/15
  3743 | D:4      | Noticed Edmund
  3743 | D:4      | You fall into a shaft and drop 3 floors!
  3815 | D:7      | Noticed a boulder beetle
  3841 | D:7      | Gained mutation: Your flesh is cold resistant. (rC+)
                  | [potion of mutation]
  3841 | D:7      | Gained mutation: You are weak. (Str -2) [potion of
                  | mutation]
  3841 | D:7      | Gained mutation: You are very weak. (Str -4) [potion of
                  | mutation]
  3842 | D:7      | HP: 1/56 [boulder beetle (11)]
  3844 | D:7      | Mangled by a boulder beetle

Illustrated notes

Levels and vault maps discovered:
D:1:      nzn_arrival_settlement, layout_rooms
D:2:      layout_basic, kennysheep_nondescript
D:3:      layout_loops_ring, basic_ecumenical_altar, minmay_misc_feat_five,
          kennysheep_another_room
D:4:      layout_cave_pods, trog_hazing_becter, gammafunk_ghost_smash,
          serial_rivers, chequers_serial_rivers_small_b,
          chequers_serial_rivers_small_a, chequers_serial_rivers_micro_e,
          chequers_serial_rivers_micro_a, chequers_serial_rivers_small_a,
          chequers_serial_rivers_small_b, nicolae_ossuary_entry_false_entrances,
          uniq_edmund, uniq_sigmund
D:7:      nicolae_cairo_tiling, layout_basic, nemelex_spade_bored_becter

Skill      XL: |  1  2  3  4  5  6 |
---------------+-------------------+-----
Spellcasting   | 5 |  5.6
Invocations    | 1 2 |  2.9
Short Blades   | 1 2 |  2.6
Long Blades    | 1 2 |  2.6
Axes           | 1 2 |  2.6
Maces & Flails | 1 2 |  2.6
Polearms       | 1 2 |  2.6
Staves         | 1 2 |  2.6
Slings         | 1 2 |  2.6
Bows           | 1 2 |  2.6
Crossbows      | 1 2 |  2.6
Stealth        | 1 2 |  2.6
Shields        | 1 2 |  2.6
Evocations     | 1 2 |  2.6
Conjurations   | 1 2 |  2.1
Hexes          | 1 2 |  2.1
Summonings     | 1 2 |  2.1
Necromancy     | 1 2 |  2.1
Transmutations | 1 2 |  2.1
Fire Magic     | 1 2 |  2.1
Ice Magic      | 1 2 |  2.1
Air Magic      | 1 2 |  2.1
Earth Magic    | 1 2 |  2.1
Poison Magic   | 1 2 |  2.1
Throwing       | 3 |  3.7
Armour         | 3 |  3.7
Fighting       | 5 |  5.3
Dodging        | 5 |  5.3
Unarmed Combat | 5 |  5.3
Translocations | |  5.9

Action                   |  1- 3 |  4- 6 |  7- 9 || total
-------------------------+-------+-------+-------++-------
Melee: Unarmed           |   101 |   181 |    27 ||   309
       Bite              |     8 |    15 |     1 ||    24
       Punch             |     3 |     4 |     1 ||     8
Throw: Boomerang         |     3 |       |       ||     3
       Dart              |       |     9 |     2 ||    11
 Cast: Blink             |     4 |     2 |     1 ||     7
       Gell's Gravitas   |       |     3 |     2 ||     5
Evoke: Wand              |       |     3 |     2 ||     5
  Use: Potion            |     1 |       |     7 ||     8
       Scroll            |       |    15 |       ||    15
Armor: Leather armour    |    10 |       |       ||    10
       Ring mail         |    39 |   119 |    23 ||   181
       Skin              |       |       |    18 ||    18
Dodge: Dodged            |    58 |   149 |    18 ||   225

Table legend: (Time is in decaauts)
 A = Elapsed time spent in this place.
 B = Non-inter-level travel time spent in this place.
 C = Inter-level travel time spent in this place.
 D = Time resting spent in this place.
 E = Time spent auto-exploring this place.
 F = Levels seen in this place.
 G = Mean time per level.
                   A        B        C        D        E       F      G
               +--------+--------+--------+--------+--------+-----+--------+
         Total |   3820 |   3756 |     64 |    621 |   2109 |   6 |  636.7 |
       Dungeon |   3609 |   3545 |     64 |    595 |   2045 |   5 |  721.8 |
       Ossuary |    211 |    211 |      0 |     26 |     64 |   1 |  211.0 |
               +--------+--------+--------+--------+--------+-----+--------+

Top non-repeatable levels by time:
     D:2: 1126 daAuts
     D:1: 1046 daAuts
     D:3: 741 daAuts
     D:4: 597 daAuts
 Ossuary: 211 daAuts
     D:7: 97 daAuts
